[Event "Team 45 45 League T26"]
[Site "Free Internet Chess Server"]
[Date "2005.03.24"]
[Round "2"]
[White "grabapawn"]
[Black "ahorse"]
[Result "0-1"]
[WhiteElo "1501"]
[BlackElo "1641"]
[TimeControl "2700+45"]

1. d4 Nf6 2. c4 c5 3. Nf3 g6 4. Nc3 Bg7 5. Bf4 cxd4 6. Nxd4 d6 7. Ndb5 a6 8. Na3 Nc6 9. e3 Nh5 10. Bg5 h6 11. Bh4 g5 12. Qxh5 gxh4 13. Qxh4 Qb6 14. b3 Bxc3+ 15. Ke2 Bxa1 16. f4 h5 17. Nc2 Bg4+ 18. Kf2 Bf6 19. Qg3 Qa5 20. h3 Qd2+ 21. Kg1 Bd1 22. h4 O-O-O 23. Ne1 Rhg8 24. Qh3+ Bg4 25. Nf3 Qxe3+ 26. Kh2 Bxh3 27. Ng5 Bxg5 28. hxg5 Qxf4+ 29. Kxh3 Rxg5   {White resigns} 0-1

[Event "Team 45 45 League T26"]
[Site "Free Internet Chess Server"]
[Date "2005.03.25"]
[Round "2"]
[White "CleverBanana"]
[Black "JayH"]
[Result "1-0"]
[WhiteElo "1617"]
[BlackElo "1416"]
[TimeControl "2700+45"]

1. d4 h6 2. e4 d6 3. Nf3 Bg4 4. Be2 e6 5. O-O Nd7 6. Be3 Be7 7. c4 Bg5 8. Qd2 Qe7 9. Nxg5 Bxe2 10. Qxe2 hxg5 11. Nd2 Qf6 12. f4 O-O-O 13. fxg5 Qg6 14. Qf2 f6 15. Nf3 Rf8 16. Nd2 Ne7 17. Qg3 Rh5 18. Qg4 f5 19. exf5 Nxf5 20. Qe4 Rfh8 21. Nf3 Qe8 22. Bd2 Nf8 23. g4 Ng3 24. hxg3 Rh3 25. Kg2 Nh7 26. Rh1 Rxh1 27. Rxh1 Rf8 28. Rxh7 Rg8 29. Nh4 Kb8 30. d5 e5 31. Qg6 Qa4 32. Rxg7 Rc8 33. Rg8 b6 34. Rxc8+ Kxc8 35. Qd3 Qxa2 36. g6 e4 37. Qxe4 Qxb2 38. Qd3   {Black resigns} 1-0

[Event "Team 45 45 League T26"]
[Site "Free Internet Chess Server"]
[Date "2005.03.23"]
[Round "2"]
[White "mrmahoon"]
[Black "MStav"]
[Result "0-1"]
[WhiteElo "1606"]
[BlackElo "1701"]
[TimeControl "2700+45"]

1. e4 d6 2. d4 Nf6 3. Nc3 e5 4. Nf3 Nbd7 5. Bg5 Be7 6. Be2 O-O 7. O-O c6 8. Re1 Ne8 9. Bxe7 Qxe7 10. d5 c5 11. Qd2 f5 12. Bd3 f4 13. Qe2 a6 14. a4 g5 15. g3 Rf7 16. Nd2 Rg7 17. Qh5 Nef6 18. Qd1 Nf8 19. Kf1 Bh3+ 20. Ke2 Ng4 21. Nf3 Qf7 22. Kd2 Nxf2 23. Qe2 fxg3 24. hxg3 Nxd3 25. Qxd3 Bg2 26. Re3 g4 27. Nh4 Bh3 28. Nf5 Rg6 29. Re2 Rf6 30. Qe3 Kh8 31. Rf2 Ng6 32. Re1 Rf8 33. Nd1 Qd7 34. Ree2 Ne7 35. Nh6 Qxa4 36. Rxf6 Rxf6 37. Rf2 Rxf2+ 38. Qxf2 Qd4+ 39. Kc1 Qxf2 40. Nxf2 Kg7 41. Nhxg4 Bxg4 42. Nxg4 h5 43. Ne3 b5 44. Kd2 Kg6 45. Ng2 Kg5 46. Kc3 Kg4 47. Nh4 Kxg3 48. Nf5+ Kg4 49. Nxe7 h4 50. Nf5 h3 51. Nxd6 h2 52. Nf5 h1=Q 53. d6 Qxe4 54. Nh6+ Kf3 55. Nf7 Ke2 56. Kb3 Qc4+ 57. Ka3 Qxf7   {White resigns} 0-1

[Event "Team 45 45 League T26"]
[Site "Free Internet Chess Server"]
[Date "2005.03.28"]
[Round "2"]
[White "Lamtarra"]
[Black "BIRDSMAN"]
[Result "0-1"]
[WhiteElo "1551"]
[BlackElo "1550"]
[TimeControl "2700+45"]

1. e4 c5 2. Nf3 e6 3. g3 d6 4. Bg2 Nc6 5. c3 Nf6 6. d3 Be7 7. O-O O-O 8. Nbd2 Bd7 9. Re1 Qc7 10. Nc4 b5 11. Ne3 Rfd8 12. h4 Rac8 13. Nh2 Nb8 14. Neg4 Nxg4 15. Qxg4 Bc6 16. Nf3 Nd7 17. Bh6 Bf8 18. Be3 Nf6 19. Qf4 e5 20. Qg5 h6 21. Qf5 Bd7 22. Bh3 Bxf5 23. Bxf5 Nd7 24. g4 g6 25. Bxd7 Qxd7 26. Nh2 Be7 27. g5 hxg5 28. hxg5 Kg7 29. f4 Rh8 30. Re2 Rh3 31. Rf1 Rch8 32. Rff2 exf4 33. Bxf4 R8h4 34. e5 Rxf4 35. Rxf4 Bxg5 36. Rg4 Rxh2   {White resigns} 0-1

[Event "Team 45 45 League T26"]
[Site "Free Internet Chess Server"]
[Date "2005.03.27"]
[Round "2"]
[White "Vinoblanca"]
[Black "anish"]
[Result "0-1"]
[WhiteElo "1423"]
[BlackElo "1412"]
[TimeControl "2700+45"]

1. d4 d5 2. c4 e6 3. Nc3 Nf6 4. Nf3 b6 5. Bg5 Be7 6. cxd5 Nxd5 7. Bxe7 Nxe7 8. e3 Nd7 9. Bd3 Nf6 10. O-O O-O 11. Bc2 Bb7 12. Ne5 Rc8 13. Qd3 c5 14. Ng4 Ng6 15. Ne5 Nxe5 16. dxe5 Qxd3 17. Bxd3 Ng4 18. Nb5 Nxe5 19. Nd6 Nxd3 20. Nxc8 Rxc8 21. b3 a5 22. Rfd1 Ne5 23. Rd2 b5 24. Rad1 Nc6 25. Rd7 Ba8 26. f3 Kf8 27. Kf2 Ke8 28. R1d2   {White resigns} 0-1

[Event "Team 45 45 League T26"]
[Site "Free Internet Chess Server"]
[Date "2005.03.29"]
[Round "2"]
[White "Triplea"]
[Black "clarinetref"]
[Result "0-1"]
[WhiteElo "1272"]
[BlackElo "1467"]
[TimeControl "2700+45"]

1. e4 c5 2. Nf3 Nc6 3. d4 cxd4 4. Nxd4 g6 5. Nxc6 bxc6 6. Nc3 Bg7 7. Bc4 e6 8. Qd6 Qe7 9. Qf4 Nf6 10. Be3 O-O 11. Rd1 a5 12. Qd6 Qxd6 13. Rxd6 Rd8 14. O-O Ba6 15. Bxa6 Rxa6 16. Bg5 h6 17. Bxf6 Bxf6 18. Rfd1 Ra7 19. Na4 Be7 20. R6d4 Bf6 21. Rd6 Be5 22. R6d3 d5 23. exd5 cxd5 24. c4 Rad7 25. cxd5 Rxd5 26. Rxd5 exd5 27. Nc3 d4 28. g3 Bf6 29. f4 dxc3 30. Rxd8+ Bxd8 31. bxc3 Bf6 32. c4 Bd4+ 33. Kf1 f5 34. Ke2 Kf7 35. Kd3 Bg1 36. h3 Bh2 37. g4 fxg4 38. hxg4 Bxf4 39. Ke4 g5 40. c5 Ke6 41. c6 Kd6 42. c7 Kxc7 43. Kf5 Kd6 44. Kg6 Ke5 45. Kxh6 Ke4   {White resigns} 0-1

[Event "Team 45 45 League T26"]
[Site "Free Internet Chess Server"]
[Date "2005.03.27"]
[Round "2"]
[White "hotjazz"]
[Black "jerryrab"]
[Result "1-0"]
[WhiteElo "1443"]
[BlackElo "1252"]
[TimeControl "2700+45"]

1. e4 d6 2. d4 Nf6 3. Nc3 h6 4. Be3 Nc6 5. Bd3 e5 6. dxe5 Nxe5 7. Be2 Bg4 8. Qd2 Qd7 9. h3 Bh5 10. f4 Bxe2 11. Ngxe2 Nc4 12. Qc1 Qc6 13. O-O Nxe4 14. Nd4 Qd7 15. f5 Ng3 16. Rf2 O-O-O 17. Ndb5 Kb8 18. Bxa7+ Ka8 19. Qf4 Nh5 20. Qxc4 c6 21. Qa4 cxb5 22. Nxb5 d5 23. Nc7+ Qxc7 24. Bb6+ Kb8 25. Qa7+ Kc8 26. Bxc7 Kxc7 27. a4 Bd6 28. a5 Kc8 29. a6 Bb8 30. Qxb7#   {Black checkmated} 1-0

[Event "Team 45 45 League T26"]
[Site "Free Internet Chess Server"]
[Date "2005.03.28"]
[Round "2"]
[White "EyeAm"]
[Black "chesstalker"]
[Result "1-0"]
[WhiteElo "1241"]
[BlackElo "1409"]
[TimeControl "2700+45"]

1. e4 e5 2. Nf3 Nc6 3. Bc4 d6 4. d3 Bg4 5. a3 Nf6 6. h3 Bh5 7. Bg5 Be7 8. O-O Nd4 9. Nbd2 O-O 10. c3 Ne6 11. Bxe6 fxe6 12. Qb3 Qc8 13. Rac1 b6 14. Bxf6 Rxf6 15. d4 exd4 16. cxd4 Bf7 17. Qe3 Rg6 18. e5 d5 19. b4 Qd8 20. Qc3 Rc8 21. Nb3 Qd7 22. Qd3 Rf8 23. Qc3 Bd8 24. Nh2 Be8 25. f4 Rf5 26. Rf3 Qb5 27. Qe3 Qd7 28. Rcf1 Qf7 29. g4 Rh5 30. Kh1 Rh4 31. f5 Bg5 32. fxe6 Bxe3 33. exf7+ Bxf7 34. Rxf7 h6 35. R1f3 Bg5 36. Rxc7   {Black forfeits on time} 1-0

[Event "Team 45 45 League T26"]
[Site "Free Internet Chess Server"]
[Date "2005.03.28"]
[Round "2"]
[White "manyhorses"]
[Black "blkmagic"]
[Result "1/2-1/2"]
[WhiteElo "1309"]
[BlackElo "1122"]
[TimeControl "2700+45"]

1. e4 e5 2. d4 Nc6 3. Nf3 Bd6 4. Nc3 Nf6 5. Bc4 O-O 6. O-O exd4 7. Nxd4 Nxd4 8. Qxd4 Qe7 9. Re1 b6 10. Nd5 Nxd5 11. Bxd5 c6 12. Bb3 Bc5 13. Qd3 d6 14. Qg3 Be6 15. Bh6 Qf6 16. Bg5 Qxb2 17. Bh6 Qf6 18. Be3 Rae8 19. Bxc5 dxc5 20. f3 Qd4+ 21. Kh1 Rd8 22. c4 Bxc4 23. Red1 Qc3 24. Bxc4 Qxc4 25. Rxd8 Rxd8 26. h4 b5 27. Qc7 Qd4 28. Rb1 a6 29. Qxc6 Qa4 30. Qc7 Qd4 31. h5 h6 32. Rc1 c4 33. e5 Rd7 34. Qc8+ Rd8 35. Qxa6 Qxe5 36. Qb6 Qxh5+ 37. Kg1 Qd5 38. a3 Qd2 39. Rf1 c3 40. Qxb5 c2 41. Qc5 Rd5 42. Qc8+ Kh7 43. a4 Qd4+ 44. Rf2 Qd1+ 45. Rf1 Qd2 46. Qg4 c1=Q 47. Rxc1 Qxc1+ 48. Kh2 h5 49. Qe4+ g6 50. Qxd5 Qf4+ 51. Kg1 Qxa4 52. Qxf7+ Kh6 53. Qf8+ Kh7 54. Qf7+ Kh6 55. f4 Qd4+ 56. Kh2 h4 57. Qf8+ Kh5 58. f5 gxf5 59. Qxf5+ Kh6 60. Qe6+ Kh5 61. Qf5+ Kh6 62. Qe6+ Kh5 63. Qf7+ Kg4 64. Qg8+ Kh5 65. Qf7+ Kh6 66. Qe6+ Kh5 67. Kh3 Qd3+ 68. Kh2 Qg3+ 69. Kg1 h3 70. Qf5+ Kh6 71. Qxh3+ Qxh3 72. gxh3 Kh5 73. Kg2 Kh4 74. Kh2 Kh5 75. Kg3 Kg5 76. h4+ Kh5 77. Kh3 Kg6 78. Kg4 Kh6 79. h5 Kg7 80. Kg5 Kh7 81. h6 Kg8 82. Kg6 Kh8 83. Kh5 Kg8 84. Kg6 Kh8 85. Kg5 Kh7 86. Kh5 Kg8 87. Kg6 Kh8 88. Kg5 Kh7   {Game drawn by mutual agreement} 1/2-1/2

[Event "Team 45 45 League T26"]
[Site "Free Internet Chess Server"]
[Date "2005.03.28"]
[Round "2"]
[White "Thalagor"]
[Black "MGoo"]
[Result "1-0"]
[WhiteElo "1798"]
[BlackElo "1800"]
[TimeControl "2700+45"]

1. e4 e6 2. d3 d5 3. Nd2 c5 4. g3 d4 5. Bg2 Nc6 6. Ngf3 e5 7. O-O Bg4 8. a3 Nf6 9. h3 Be6 10. Nc4 Bd6 11. Ng5 Bxc4 12. dxc4 O-O 13. Nf3 Nxe4 14. Nxd4 exd4 15. Bxe4 Qc7 16. Qh5 g6 17. Qf3 Ne5 18. Qe2 Rfe8 19. Re1 Qd7 20. Kg2 Rad8 21. Bg5 Be7 22. Bf4 Bf6 23. Qf1 b6 24. Bd3 Nxd3 25. cxd3 Qc6+ 26. Kh2 Qf3 27. Rxe8+ Rxe8 28. Re1 Rxe1 29. Qxe1 Qxd3 30. Bh6   {Black resigns} 1-0

[Event "Team 45 45 League T26"]
[Site "Free Internet Chess Server"]
[Date "2005.03.27"]
[Round "2"]
[White "Galleta"]
[Black "sidiAhmed"]
[Result "1/2-1/2"]
[WhiteElo "1775"]
[BlackElo "1748"]
[TimeControl "2700+45"]

1. e4 c5 2. Nf3 Nc6 3. d4 cxd4 4. Nxd4 e6 5. Nc3 d6 6. Bb5 Bd7 7. O-O Nf6 8. Bg5 Be7 9. f4 Qb6 10. Bxc6 Bxc6 11. e5 dxe5 12. fxe5 Bc5 13. exf6 Bxd4+ 14. Kh1 gxf6 15. Bh4 Rg8 16. Bg3 Be5 17. Qe1 Bxg3 18. hxg3 Rg6 19. Rf4 Qxb2 20. Ne4 Bxe4 21. Rxe4 Rxg3 22. Rxe6+ fxe6 23. Qxe6+ Kf8 24. Qd6+ Kf7 25. Qc7+ Kf8 26. Qd6+ Kg7 27. Qxg3+ Kh8 28. Rf1 Qxc2 29. Qd6 Qc6 30. Qe7 Rg8 31. Qxf6+ Qxf6 32. Rxf6 Rg6 33. Rf8+ Kg7 34. Rb8 Ra6 35. Rxb7+ Kg6 36. Rb2 Kf5 37. Kh2 Ra3 38. g3 Kg4 39. Rb4+ Kf5 40. Rb2 h5 41. Kh3 Ke4 42. Kh4 Ra5 43. Rb4+ Kd3 44. a4 Kc3 45. Rf4 Kb3 46. Rf1 Rxa4+ 47. Kxh5 Ra2 48. g4 Rh2+ 49. Kg6 a5 50. g5 a4 51. Kf7 a3 52. Rf3+ Kb2 53. Rf6 a2 54. Rb6+ Kc1 55. Rc6+ Rc2 56. Ra6 Kb1 57. g6   {Game drawn by mutual agreement} 1/2-1/2

[Event "Team 45 45 League T26"]
[Site "Free Internet Chess Server"]
[Date "2005.03.31"]
[Round "2"]
[White "twotowers"]
[Black "Pieris"]
[Result "1-0"]
[WhiteElo "1607"]
[BlackElo "1695"]
[TimeControl "2700+45"]

1. Nf3 d5 2. g3 Nc6 3. Bg2 e5 4. d3 Nf6 5. O-O Be7 6. Nbd2 Bf5 7. e4 dxe4 8. Nh4 Bg4 9. f3 exf3 10. Nhxf3 Bxf3 11. Nxf3 Ng4 12. Qe2 Nd4 13. Nxd4 Qxd4+ 14. Kh1 c6 15. c3 Qd7 16. h3 Nf6 17. Qxe5 Qxd3 18. Re1 O-O 19. Bf4 Rfe8 20. Rad1 Qc4 21. b3 Qc5 22. Qc7 Qb6 23. Rxe7 Rxe7 24. Qxe7 Re8 25. Qd6 h6 26. Be5 Re6 27. Qd8+ Qxd8 28. Rxd8+ Kh7 29. Bxf6 Rxf6 30. Rd7 Rf2 31. Rxb7 Rxa2 32. Bxc6 Rc2   {Black resigns} 1-0

[Event "Team 45 45 League T26"]
[Site "Free Internet Chess Server"]
[Date "2005.03.28"]
[Round "2"]
[White "geolas"]
[Black "yoniker"]
[Result "1-0"]
[WhiteElo "1803"]
[BlackElo "1917"]
[TimeControl "2700+45"]

1. e4 e6 2. d4 d5 3. Nc3 c5 4. Bb5+ Nc6 5. Nf3 a6 6. Bxc6+ bxc6 7. Be3 c4 8. e5 Rb8 9. Na4 Qa5+ 10. c3 Bd7 11. O-O c5 12. Nxc5 Bxc5 13. dxc5 Rxb2 14. Rb1 Qxa2 15. Ra1 Qb3 16. Rxa6 Qb7 17. Qa1 Bc8 18. Ra7 Qb3 19. c6 Ne7 20. Rxe7+ Kxe7 21. Bc5+ Ke8 22. Qa7   {Black resigns} 1-0

[Event "Team 45 45 League T26"]
[Site "Free Internet Chess Server"]
[Date "2005.03.29"]
[Round "2"]
[White "Pawns"]
[Black "sacKING"]
[Result "1-0"]
[WhiteElo "1774"]
[BlackElo "1803"]
[TimeControl "2700+45"]

1. e4 e6 2. d4 d5 3. Nc3 dxe4 4. Nxe4 Nf6 5. Bg5 Be7 6. Bxf6 gxf6 7. Nf3 a6 8. Qd2 O-O 9. Bd3 Nd7 10. g4 Re8 11. h4 b5 12. Qh6 Bf8 13. Qh5 f5 14. Nfg5 h6 15. Qxf7+   {Black resigns} 1-0

[Event "Team 45 45 League T26"]
[Site "Free Internet Chess Server"]
[Date "2005.03.26"]
[Round "2"]
[White "sostoned"]
[Black "CelticDeath"]
[Result "0-1"]
[WhiteElo "1734"]
[BlackElo "1728"]
[TimeControl "2700+45"]

1. e4 d5 2. exd5 Nf6 3. Nf3 Nxd5 4. d4 Bg4 5. Be2 e6 6. O-O Nc6 7. c4 Nf6 8. Nc3 Be7 9. h3 Bh5 10. Bf4 Bd6 11. Ne5 Bxe5 12. dxe5 Qxd1 13. Raxd1 Bxe2 14. Nxe2 Nd7 15. Rd4 Nxd4 16. Nxd4 O-O-O 17. b4 Nb6 18. c5 Rxd4 19. cxb6 axb6 20. Be3 Rxb4 21. Rc1 Rd8 22. a3 Rb3 23. a4 c6 24. Bg5 Rd5 25. f4 Ra3 26. Rc4 c5 27. Be7 Kd7 28. Bf8 g6 29. Bd6 Rxd6 30. exd6 Kxd6 31. Kf2 Kd5   {White resigns} 0-1

[Event "Team 45 45 League T26"]
[Site "Free Internet Chess Server"]
[Date "2005.03.26"]
[Round "2"]
[White "Holyphant"]
[Black "Woodchuck"]
[Result "1-0"]
[WhiteElo "1608"]
[BlackElo "1583"]
[TimeControl "2700+45"]

1. e4 c5 2. Nf3 d6 3. d4 cxd4 4. Nxd4 Nf6 5. Nc3 a6 6. Be2 e6 7. a4 Nbd7 8. O-O Nc5 9. Bg5 Be7 10. f3 Qb6 11. Ra2 e5 12. a5 Qa7 13. Bxf6 Bxf6 14. Nd5 Bd8 15. Nf5 Bxf5 16. Kh1 Be6 17. b4 Nd7 18. Ra3 O-O 19. f4 Nf6 20. Nxf6+ Bxf6 21. f5 Bd7 22. Qxd6 Rad8 23. Rg3 Be6 24. Qxf8+ Kxf8 25. fxe6 Qb8 26. exf7 Kxf7 27. Bc4+ Ke7 28. Rgf3 Rd4 29. Bd5 Rxb4 30. g4 h6 31. h4 Rb2 32. g5 hxg5 33. hxg5 Rxc2 34. gxf6+ gxf6 35. Rh3 Qg8 36. Bxg8 Kd6 37. Rh7 Kc5 38. Rc7+   {Black resigns} 1-0

[Event "Team 45 45 League T26"]
[Site "Free Internet Chess Server"]
[Date "2005.03.26"]
[Round "2"]
[White "KymF"]
[Black "Pilia"]
[Result "1-0"]
[WhiteElo "2139"]
[BlackElo "1948"]
[TimeControl "2700+45"]

1. d4 Nf6 2. c4 e6 3. Nc3 Bb4 4. e3 O-O 5. Bd3 d5 6. Nf3 c5 7. O-O Nc6 8. a3 Bxc3 9. bxc3 dxc4 10. Bxc4 Qc7 11. Ba2 e5 12. h3 e4 13. Nh2 Bf5 14. Ng4 Nxg4 15. hxg4 Bg6 16. a4 Rfd8 17. Ba3 b6 18. Qe2 Na5 19. Rad1 Nb7 20. f4 exf3 21. Qxf3 Rac8 22. Bd5 Na5 23. e4 h6 24. Bc1 cxd4 25. cxd4 Rxd5 26. exd5 Qc2 27. g5 h5 28. d6 Qxa4 29. Bf4 a6 30. Rc1 Rf8 31. Rc7 Qxd4+ 32. Qe3 Qxe3+ 33. Bxe3 Bd3 34. Rd1 Bb5 35. Bxb6 Nc4 36. Bc5 Rd8 37. d7 Kh7 38. Be7 Rxd7 39. Rdxd7 Bxd7 40. Rxd7   {Black resigns} 1-0

[Event "Team 45 45 League T26"]
[Site "Free Internet Chess Server"]
[Date "2005.03.27"]
[Round "2"]
[White "HotDonut"]
[Black "nham"]
[Result "0-1"]
[WhiteElo "1878"]
[BlackElo "1944"]
[TimeControl "2700+45"]

1. Nf3 f5 2. c4 Nf6 3. g3 g6 4. Bg2 Bg7 5. O-O O-O 6. Nc3 d6 7. d4 Qe8 8. Qc2 Nc6 9. Nb5 Qd8 10. d5 Nb4 11. Qd2 a5 12. Nfd4 Bd7 13. a3 Na6 14. Qxa5 Qc8 15. Bg5 h6 16. Bxf6 Bxf6 17. Qd2 Kh7 18. Nc3 Nc5 19. b4 Bxd4 20. Qxd4 Nb3 21. Qe3 Nxa1 22. Qxe7+ Kg8 23. Rxa1 Rf7 24. Qh4 Qf8 25. Qd4 Qe7 26. a4 b6 27. a5 bxa5 28. bxa5 Rff8 29. a6 Rfb8 30. a7 Rb7 31. f4 Qg7 32. Qe3 Rb3 33. Rb1 Rxb1+ 34. Nxb1 Qa1 35. Qd3 Qxa7+ 36. Kf1 Qa1 37. Bf3 Rb8   {White resigns} 0-1

[Event "Team 45 45 League T26"]
[Site "Free Internet Chess Server"]
[Date "2005.03.25"]
[Round "2"]
[White "wester"]
[Black "JDFitzpat"]
[Result "1/2-1/2"]
[WhiteElo "1891"]
[BlackElo "1866"]
[TimeControl "2700+45"]

1. e4 Nf6 2. e5 Nd5 3. d4 d6 4. c4 Nb6 5. exd6 exd6 6. Nc3 Be7 7. Nf3 Bg4 8. Be3 Nc6 9. h3 Bh5 10. b3 O-O 11. g4 Bg6 12. Bg2 Nb4 13. O-O Nc2 14. Rc1 Nxe3 15. fxe3 c6 16. e4 Nd7 17. Re1 Re8 18. Re2 Qb6 19. Kh1 Rad8 20. Qd2 Qa5 21. Nd5 Qxd2 22. Nxe7+ Rxe7 23. Nxd2 Rde8 24. b4 Nf6 25. Rce1 h6 26. Bf3 Kf8 27. Kg1 Nd7 28. Re3 f5 29. gxf5 Bxf5 30. Bh5 g6 31. Rf1 gxh5 32. Rxf5+ Kg7 33. c5 dxc5 34. bxc5 h4 35. Ref3 Kg6 36. R3f4 b6 37. cxb6 axb6 38. a3 Ra8 39. Rf3 Ra4 40. d5 cxd5 41. exd5 Rd4 42. Nf1 Re5 43. Rxe5 Nxe5 44. Rb3 Nd7 45. Ne3 h5   {Game drawn by mutual agreement} 1/2-1/2

[Event "Team 45 45 League T26"]
[Site "Free Internet Chess Server"]
[Date "2005.03.26"]
[Round "2"]
[White "jmarchetti"]
[Black "noHz"]
[Result "1-0"]
[WhiteElo "1888"]
[BlackElo "1859"]
[TimeControl "2700+45"]

1. e4 e5 2. Nf3 Nf6 3. d3 Nc6 4. Be2 d5 5. exd5 Nxd5 6. O-O Be7 7. Bd2 O-O 8. Nc3 Be6 9. Nxd5 Bxd5 10. Bc3 Bd6 11. Nd2 Re8 12. Bf3 Bxf3 13. Nxf3 Bb4 14. Bxb4 Nxb4 15. Re1 Nc6 16. Qd2 h6 17. Rad1 Qd5 18. Qc3 Rad8 19. h3 a6 20. a3 Re7 21. Nh4 Qd4 22. Nf5 Qxc3 23. Nxe7+ Nxe7 24. bxc3 f6 25. d4 Nc6 26. dxe5 Rxd1 27. Rxd1 Nxe5 28. Rb1 b5 29. a4 c6 30. axb5 axb5 31. Kf1 Kf7 32. Ke2 Ke6 33. Rd1 g5 34. Ke3 f5 35. Kd4 Kd6 36. Ra1 h5 37. h4 gxh4 38. Ra7 f4 39. Rh7 f3 40. Rh6+ Kc7 41. gxf3 Nxf3+ 42. Ke3 Ne1 43. Rxh5 Nxc2+ 44. Kd2 Na3 45. Rxh4 Nc4+ 46. Kc2 Kd6 47. Rh6+ Kd5 48. Rh5+ Ke4 49. Rh8 Ne5 50. Re8 c5 51. f3+ Kf5 52. Rf8+ Ke6 53. Rf4 Ng6 54. Re4+ Kf5 55. Kd2 Nf4 56. Re8 b4 57. cxb4 cxb4 58. Rb8 Nd5 59. Rb5 Ke6 60. Kd3 Nf4+ 61. Ke4 Ng6 62. Rxb4 Ne7 63. Rb6+ Kf7 64. Rb7 Kf6 65. Rxe7 Kxe7 66. Ke5 Kf7 67. Kf5 Ke7 68. Kg6 Kf8 69. Kf6 Kg8 70. f4 Kf8 71. f5 Ke8 72. Kg7   {Black resigns} 1-0

[Event "Team 45 45 League T26"]
[Site "Free Internet Chess Server"]
[Date "2005.03.24"]
[Round "2"]
[White "adingod"]
[Black "Shikamaru"]
[Result "1/2-1/2"]
[WhiteElo "1729"]
[BlackElo "1968"]
[TimeControl "2700+45"]

1. d4 f5 2. Nf3 e6 3. Nbd2 Nf6 4. e3 d5 5. Bd3 Bd6 6. O-O g5 7. c4 c6 8. Nxg5 Bxh2+ 9. Kxh2 Ng4+ 10. Kg1 Qxg5 11. Nf3 Qg7 12. Bd2 h5 13. cxd5 h4 14. dxc6 h3 15. g3 Nxc6 16. Bc3 Nxe3 17. Qe2 Nd5 18. Bxf5 e5 19. Nxe5 Nxc3 20. bxc3 Nxe5 21. Qxe5+ Qxe5 22. Bg6+ Ke7 23. dxe5 h2+ 24. Kh1 Bh3 25. Rfe1 Raf8 26. f4 Rfg8 27. f5 Rxg6 28. fxg6 Bd7 29. Re2 Bc6+ 30. Rg2 Rh3 31. Rf1 Rxg3 32. Rf7+ Ke8 33. Rf2 Rxg6 34. Kxh2 Bxg2 35. Rxg2 Kf7 36. Rd2 Ke6 37. Rd6+ Kf5 38. Rd7 Ra6 39. Rxb7 Rxa2+ 40. Kg3 a5 41. Kf3 Kxe5 42. Ke3 a4 43. Kd3   {Game drawn by mutual agreement} 1/2-1/2

[Event "Team 45 45 League T26"]
[Site "Free Internet Chess Server"]
[Date "2005.03.25"]
[Round "2"]
[White "pawelh"]
[Black "qire"]
[Result "0-1"]
[WhiteElo "1827"]
[BlackElo "1993"]
[TimeControl "2700+45"]

1. e4 c5 2. Nf3 d6 3. d4 cxd4 4. Nxd4 Nf6 5. Nc3 a6 6. f4 g6 7. Bd3 Bg7 8. Nf3 O-O 9. O-O Nc6 10. Be3 Ng4 11. Qe2 Nxe3 12. Qxe3 Nb4 13. a3 Nxd3 14. Qxd3 b5 15. Rad1 Bb7 16. b4 Rc8 17. Ne2 Qc7 18. Rd2 Qc6 19. Ng3 Rfd8 20. Kh1 Qc4 21. Rff2 Qa2 22. Nd4 Qa1+ 23. Rf1 Qxd4 24. Qxd4 Bxd4 25. Rxd4 Rxc2 26. f5 Rdc8 27. f6 Kf8 28. Rd3 R8c3 29. fxe7+ Kxe7 30. Rdf3 f5 31. Rxc3 Rxc3 32. exf5 Rxa3 33. f6+ Kf7 34. Kg1 Ra2 35. Rf2 Rxf2 36. Kxf2 Kxf6 37. Ne2 Ke5 38. g3 Kd5 39. Nf4+ Kc4 40. Ke3 Kxb4 41. Kd4 a5 42. Nd3+ Kb3 43. Nc1+ Kb2 44. Nd3+ Kc2 45. Ne1+ Kd2 46. Nd3 a4 47. Nb4 a3 48. h3 g5 49. h4 gxh4 50. gxh4 h5   {White resigns} 0-1

[Event "Team 45 45 League T26"]
[Site "Free Internet Chess Server"]
[Date "2005.03.28"]
[Round "2"]
[White "RussoTuristo"]
[Black "maheg"]
[Result "1/2-1/2"]
[WhiteElo "1848"]
[BlackElo "1738"]
[TimeControl "2700+45"]

1. c4 c5 2. Nc3 Nf6 3. e4 Nc6 4. g3 d6 5. Bg2 g6 6. d3 Bg7 7. h3 O-O 8. Nge2 a6 9. O-O Bd7 10. Rb1 Rb8 11. Bd2 b5 12. b3 Nb4 13. Bg5 h6 14. Be3 Nc6 15. f4 b4 16. Nd5 e6 17. Nxf6+ Bxf6 18. g4 Kh7 19. e5 dxe5 20. Bxc5 Be7 21. Bxe7 Qxe7 22. Bxc6 Bxc6 23. fxe5 Qg5 24. d4 Qe3+ 25. Kh2 Bf3 26. Rb2 Rbd8 27. Qc1 Qe4 28. Qf4 Qxf4+ 29. Nxf4 Bb7 30. Ne2 Kg7 31. Kg3 g5 32. Rf6 Rd7 33. Rd2 Rfd8 34. h4 a5 35. Rf1 Ba8 36. hxg5 hxg5 37. Rf2 Rh8 38. Rd1 Be4 39. Ng1 Rhd8 40. Rfd2 Bb7 41. Nh3 Kh6 42. Nf2 Kg7 43. Rd3 Kh6 44. Kh2 Kg6 45. Kg1 Kg7 46. Kf1 f6 47. exf6+ Kxf6 48. Ke2 Kg6 49. Ke3 Rf7 50. d5 exd5 51. cxd5 Re8+ 52. Ne4 Rf4 53. Rd4 Bxd5 54. Rxd5 Rfxe4+ 55. Kd3 Rxg4 56. Rxa5 Rd8+ 57. Kc2 Rg2+ 58. Kc1 Rc8+ 59. Kb1 Rcc2   {Game drawn by mutual agreement} 1/2-1/2

[Event "Team 45 45 League T26"]
[Site "Free Internet Chess Server"]
[Date "2005.03.26"]
[Round "2"]
[White "TheTactician"]
[Black "Pawns"]
[Result "0-1"]
[WhiteElo "1700"]
[BlackElo "1767"]
[TimeControl "2700+45"]

1. e4 e5 2. Nf3 Nc6 3. Bc4 Nf6 4. d4 exd4 5. O-O Bc5 6. e5 d5 7. exf6 dxc4 8. Re1+ Be6 9. Ng5 Qd5 10. Nc3 Qf5 11. Nce4 Bf8 12. g4 Qxg4+ 13. Qxg4 Bxg4 14. fxg7 Bxg7 15. Nf6+ Kf8 16. Nxg4 h5 17. f3 hxg4 18. fxg4 Nb4 19. Rf1 Nxc2 20. Nxf7 Rh4 21. Rb1 Rxg4+ 22. Kh1 Ke8 23. Ng5 d3 24. h3 Rh4 25. Ne6 Be5 26. Rf8+ Ke7 27. Rxa8 Rxh3+ 28. Kg2 Rh2+ 29. Kg1 Re2 30. Ng5 Nd4 31. Ne4 Rxe4 32. Bg5+ Kd7 33. Rd8+ Kc6 34. Kf1 Ne6 35. Re8 Nxg5 36. Rd1 Bxb2 37. Rg8 Nf3 38. Kf2 Ne5 39. Re8 Kd7 40. Rg8 c3 41. Rh1 c2 42. Rh6 Ng4+ 43. Rxg4 Rxg4 44. Rh1 c1=Q 45. Rf1 Bd4+ 46. Kf3 Qf4#   {White checkmated} 0-1